 Dungeon Crawl Stone Soup version 0.24-a0-809-g71cb82dfb8 (webtiles) character file.

Game seed: 8206087880137981211, levelgen mode: deterministic

127764 GordonOverkill the Warrior (level 16, -10/169 HPs)
             Began as a Demonspawn Fire Elementalist on Oct 11, 2019.
             Was a High Priest of Sif Muna.
             Shot with an arrow by a centaur warrior (30 damage)
             ... on level 15 of the Dungeon.
             The game lasted 01:37:23 (39894 turns).

GordonOverkill the Warrior (DsFE)                  Turns: 39894, Time: 01:37:24

Health: -10/169    AC: 11    Str: 10    XL:     16   Next: 46%
Magic:  18/39      EV: 14    Int: 31    God:    Sif Muna [*****.]
Gold:   2054       SH: 14    Dex: 10    Spells: 10/35 levels left

rFire    + . .     SeeInvis .   B - +2 short sword (venom)
rCold    + + .     Gourm    .   T - +3 warlock's mirror {reflect}
rNeg     . . .     Faith    .   U - +2 robe {rC+}
rPois    .         Spirit   .   e - +1 hat
rElec    +         Reflect  +   h - +0 cloak
rCorr    .         Harm     .   (gloves unavailable)
MR       +....                  N - +0 pair of boots (curse)
Stlth    +.........             D - +6 amulet of reflection
HPRegen  0.38/turn              Q - ring of the Median {rElec MP+9 Int+10 Dex-5 Stlth-}
MPRegen  0.26/turn              C - ring of protection from fire

@: about to teleport
A: claws 3, thin metallic scales 3, cold resistance 1, robust 2, spiny 2,
subdued magic 1
a: Channel Magic, Forget Spell, Divine Exegesis, Renounce Religion


You were on level 15 of the Dungeon.
You worshipped Sif Muna.
Sif Muna was extremely pleased with you.
You were very hungry.

You visited 3 branches of the dungeon, and saw 22 of its levels.
You also visited: Bailey and Ice Cave.

You collected 2175 gold pieces.
You spent 121 gold pieces at shops.

Inventory:

Hand Weapons
 t - a +2 whip of electrocution
 B - a +2 short sword of venom (weapon)
 P - a +2 dagger of venom
Missiles
 m - a boomerang of dispersal
 p - 9 boomerangs (quivered)
 E - 9 javelins
Armour
 b - a +0 helmet
 e - a +1 hat (worn)
 h - a +0 cloak (worn)
 N - a cursed +0 pair of boots (worn)
 T - the +3 warlock's mirror (worn) {reflect}
   (You found it on level 13 of the Dungeon)
 U - a +2 robe of cold resistance (worn)
Jewellery
 i - an uncursed ring of poison resistance
 C - a ring of protection from fire (right claw)
 D - a +6 amulet of reflection (around neck)
 M - an uncursed ring of see invisible
 Q - the ring of the Median (left claw) {rElec MP+9 Int+10 Dex-5 Stlth-}
   (You found it in an ice cave)

   [ring of magical power]

   It affects your intelligence (+10).
   It affects your dexterity (-5).
   It insulates you from electricity.
   It affects your magic capacity (+9).
   It makes you less stealthy.
 V - a +5 ring of protection
Wands
 a - a wand of paralysis (19)
 j - a wand of digging (17)
 q - a wand of iceblast (13)
 H - a wand of acid (29)
 O - a wand of flame (27)
 W - a wand of clouds (3)
 Z - a wand of disintegration (17)
Scrolls
 k - 3 scrolls of immolation
 l - 2 scrolls of amnesia
 n - 23 scrolls of remove curse
 v - 5 scrolls of teleportation
 y - 2 scrolls of enchant armour
 K - 2 scrolls of magic mapping
 L - a scroll of fear
 S - a scroll of fog
 X - a scroll of silence
Potions
 d - 2 potions of curing
 f - 2 potions of heal wounds
 g - 3 potions of haste
 o - 3 potions of brilliance
 s - 3 potions of mutation
 w - a potion of invisibility
 x - a potion of flight
 z - 2 potions of agility
 A - 2 potions of magic
 F - 2 potions of ambrosia
 G - 3 potions of resistance
 I - 3 potions of lignification
 J - 2 potions of might
Miscellaneous
 R - a lamp of fire
 Y - a phantom mirror
Comestibles
 c - 21 rations
 r - 3 chunks of flesh


   Skills:
 - Level 17.0 Fighting
 - Level 6.0 Dodging
 - Level 2.0 Stealth
 - Level 5.0 Shields
 - Level 10.0 Spellcasting
 - Level 13.0 Conjurations
 + Level 14.3 Fire Magic
 - Level 5.0 Ice Magic
 - Level 6.0 Invocations
 + Level 1.6 Evocations


You had 10 spell levels left.
You knew the following spells:

 Your Spells              Type           Power        Failure   Level  Hunger
a - Flame Tongue          Conj/Fire      #####        0%          1    None
b - Conjure Flame         Conj/Fire      ######..     1%          3    None
c - Sticky Flame          Conj/Fire      ######..     1%          4    None
d - Fireball              Conj/Fire      ######....   1%          5    ###....
e - Bolt of Fire          Conj/Fire      ######....   1%          6    #####..
f - Bolt of Cold          Conj/Ice       ######....   10%         6    #####..

Your spell library contained the following spells:

 Spells                   Type           Power        Failure   Level  Hunger
 Magic Dart               Conj           ####         0%          1    None
 Searing Ray              Conj           ######       0%          2    None
 Throw Flame              Conj/Fire      ######       0%          2    None
 Freeze                   Ice            ####         1%          1    None
 Shock                    Conj/Air       ####         1%          1    None
 Sting                    Conj/Pois      ####         1%          1    None
 Ensorcelled Hibernation  Hex/Ice        ###...       1%          2    None
 Throw Frost              Conj/Ice       ######       1%          2    None
 Dazzling Spray           Conj/Hex       #####.       1%          3    None
 Ignite Poison            Fire/Tmut/Pois ####....     1%          3    None
 Inner Flame              Hex/Fire       #####...     1%          3    None
 Mephitic Cloud           Conj/Pois/Air  ####....     1%          3    None
 Static Discharge         Conj/Air       #####...     1%          3    None
 Throw Icicle             Conj/Ice       ######..     1%          4    None
 Animate Skeleton         Necr           N/A          2%          1    None
 Apportation              Tloc           ##....       2%          1    None
 Confusing Touch          Hex            ##....       2%          1    None
 Corona                   Hex            ##.....      2%          1    None
 Summon Butterflies       Summ           ##......     2%          1    None
 Summon Small Mammal      Summ           ##..         2%          1    None
 Ozocubu's Armour         Chrm/Ice       ###.....     2%          3    None
 Call Imp                 Summ           ##......     3%          2    None
 Poisonous Vapours        Pois/Air       ##....       3%          2    None
 Swiftness                Chrm/Air       ##......     3%          2    None
 Irradiate                Conj/Tmut      #####.....   4%          5    ###....
 Iskenderun's Battlesphe  Conj/Chrm      #####...     4%          5    ###....
 Lightning Bolt           Conj/Air       #####.....   4%          5    ###....
 Venom Bolt               Conj/Pois      #####.....   4%          5    ###....
 Call Canine Familiar     Summ           ##......     8%          3    None
 Confuse                  Hex            ##......     8%          3    None
 Lesser Beckoning         Tloc           ##........   8%          3    None
 Summon Guardian Golem    Hex/Summ       ##......     8%          3    None
 Tukima's Dance           Hex            ##......     8%          3    None
 Summon Ice Beast         Ice/Summ       ###.....     10%         4    None
 Airstrike                Air            ##........   28%         4    None
 Olgreb's Toxic Radiance  Pois           ##......     28%         4    None
 Petrify                  Tmut/Erth      ##......     28%         4    None
 Summon Lightning Spire   Summ/Air       ##......     28%         4    None
 Ignition                 Fire           ######....   47%         8    #######
 Alistair's Intoxication  Tmut/Pois      ##......     61%         5    ###....
 Ring of Flames           Chrm/Fire      #####.....   78%         7    ######.
 Spellforged Servitor     Conj/Summ      #####.....   86%         7    ######.
 Invisibility             Hex            ##......     99%         6    #####..
 Chain Lightning          Conj/Air       #####.....   100%        8    #######
 Lehudib's Crystal Spear  Conj/Erth      #####.....   100%        8    #######


Dungeon Overview and Level Annotations

Branches:
Dungeon (15/15)            Temple (1/1) D:4            Lair (6/6) D:11
 Shoals (0/4) Lair:3        Snake (0/4) Lair:3        Slime (0/5) Lair:5
    Orc (0/2) D:12         Vaults (0/5) D:13         Bailey (visited)
  IceCv (visited)
 Depths: D:15

Altars:
Ashenzari
Cheibriados
Dithmenos
Elyvilon
Fedhas
Gozag
Hepliaklqana
Kikubaaqudgha
Makhleb
Nemelex Xobeh
Okawaru
Qazlal
Ru
Sif Muna
Trog
Uskayaw
Vehumet
Wu Jian
Xom
Yredelemnul
Zin
The Shining One
Jiyva

Shops:
D:6 (   D:7 =   D:8 [*=   D:10 }   D:12 *

Annotations:
Lair:3 1 runed translucent door, Alarkh's ghost, journeyman DsCK


Innate Abilities, Weirdness & Mutations

You have claws for hands.
You are completely covered in thin metallic scales. (AC +4, rElec)
Your flesh is cold resistant. (rC+)
You are very robust. (+20% HP)
You are mostly covered in sharp spines.
Your spells are a little easier to cast, but a little less powerful.


Message History

The centaur warrior shoots an arrow.
The arrow hits you!
* * * LOW HITPOINT WARNING * * *
You block the efreet's attack.
There is an open door, spattered with blood here.
You see here an arrow.
Something hits you but does no damage.
You feel much better. Something hits you but does no damage.
The centaur warrior shoots an arrow.
The arrow barely misses you.
As you read the scroll of teleportation, it crumbles to dust.
You feel strangely unstable. Something hits you!
* * * LOW HITPOINT WARNING * * *
The efreet gestures at you.
The fireball explodes!
The fireball engulfs you! You resist.
* * * LOW HITPOINT WARNING * * *
The fireball engulfs something!!
Reactivating autopickup.
You feel a bit more experienced.
The fireball engulfs the bullfrog!!
The fireball engulfs the efreet.
The efreet completely resists.
The centaur warrior shoots an arrow.
The arrow hits you!!
You die...

##+#+# #+##
#.#.#. ###.#.##
#..... ......#
#..c#.#+#{.#..##
#..#...#DZ#.#..#
#.#...#R#..#..#
#....F@#......#
###########.###
###


You could see a fire dragon, a centaur warrior, an efreet, a bullfrog
(wandering) and a centaur warrior skeleton.

Vanquished Creatures
  Frances (D:12)
  A sphinx (D:13)
  A sphinx (shapeshifter) (D:13)
  Kirke (D:14)
  2 fire giants (D:13)
  Nessos (D:12)
  6 dire elephants (Lair:6)
  An ettin (D:13)
  2 ice dragons (IceCv)
  An anaconda (Lair:6)
  2 catoblepae
  5 hydras
  2 centaur warriors
  9 death yaks
  4 two-headed ogres
  A queen ant (Lair:3)
  Urug (D:12)
  The ghost of Tagedieb the Covert, a novice OpAs of Wu Jian (D:8)
  Nergalle (D:11)
  A hell knight (D:13)
  4 unseen horrors
  2 orc knights
  4 lindwurms (Lair:6)
  An ugly thing (D:11)
  5 cyclopes
  2 deep elf magi
  2 oklob plants (Lair:2)
  A shining eye (shapeshifter) (D:13)
  3 manticores
  2 ice statues (IceCv)
  24 elephants
  6 black mambas
  3 gargoyles
  6 spiny frogs
  8 rime drakes
  6 komodo dragons
  2 yaktaurs (D:13)
  9 polar bears
  A queen bee (Lair:5)
  4 meliai
  3 trolls
  8 slime creatures
  24 blink frogs
  9 dream sheep
  17 hippogriffs
  Sigmund (D:2)
  2 wraiths
  2 water elementals (D:13)
  Eustachio (D:4)
  2 vampires (D:14)
  2 hungry ghosts
  3 basilisks
  5 hogs (D:14)
  40 yaks
  3 vampire mosquitoes (D:13)
  7 wyverns
  A naga (shapeshifter) (D:13)
  6 soldier ants
  17 water moccasins
  9 porcupines
  6 phantoms
  A swamp drake (Lair:2)
  18 ice beasts
  20 orc warriors
  6 black bears
  2 eyes of draining
  9 ogres
  A sky beast (D:14)
  9 centaurs
  20 wolves
  12 crocodiles
  8 big kobolds
  18 bullfrogs
  A gnoll sergeant (D:8)
  A wyvern skeleton (D:11)
  4 scorpions
  33 killer bees
  10 wights
  11 electric eels
  2 howler monkeys
  10 crimson imps
  3 centaur skeletons
  3 bullfrog zombies
  9 hounds
  6 jellies
  4 bullfrog skeletons
  4 centaur zombies
  10 orc wizards
  6 orc priests
  3 iguanas
  31 worker ants
  5 hell rats (Lair:5)
  A killer bee zombie (D:7)
  2 bullfrog simulacra (D:8)
  A hound skeleton (D:9)
  Robin (D:2)
  15 gnolls
  A howler monkey skeleton (D:8)
  6 adders
  3 shadow imps
  A howler monkey simulacrum (D:8)
  2 oozes
  3 worms (D:2)
  2 adder skeletons
  A dart slug (D:1)
  6 leopard geckos
  67 orcs
  A ball python (D:2)
  8 bats
  3 giant cockroaches
  16 goblins
  25 hobgoblins
  8 jackals
  35 kobolds
  4 quokkas
  5 frilled lizards
  A jackal simulacrum (D:8)
  A jackal skeleton (D:4)
  2 leopard gecko skeletons
  A leopard gecko zombie (D:7)
  A quokka zombie (D:7)
  11 rats
  6 plants
827 creatures vanquished.

Vanquished Creatures (others)
  A yaktaur captain (D:13)
  A centaur warrior (D:15)
  An unseen horror (D:15)
  3 centaurs
  27 fungi
  26 plants
  5 toadstools (D:1)
64 creatures vanquished.

Grand Total: 891 creatures vanquished

Notes
Turn   | Place    | Note
-------+----------+-------------------------------------------
     0 | D:1      | GordonOverkill the Demonspawn Fire Elementalist began the
                  | quest for the Orb.
     0 | D:1      | Reached XP level 1. HP: 13/13 MP: 3/3
   225 | D:1      | Gained mutation: You are partially covered in thin metallic
                  | scales. (AC +2) [demonic ancestry]
   225 | D:1      | Reached XP level 2. HP: 19/19 MP: 3/5
   939 | D:2      | Gained mutation: You are partially covered in sharp spines.
                  | [demonic ancestry]
   939 | D:2      | Reached XP level 3. HP: 24/24 MP: 4/6
  1081 | D:2      | Noticed Robin
  1102 | D:2      | Killed Robin
  1578 | D:2      | Gained mutation: You are mostly covered in thin metallic
                  | scales. (AC +3) [demonic ancestry]
  1578 | D:2      | Reached XP level 4. HP: 30/30 MP: 4/8
  1829 | D:2      | Learned a level 3 spell: Conjure Flame
  1923 | D:2      | Learned a level 4 spell: Sticky Flame
  2198 | D:2      | Noticed Sigmund
  2219 | D:2      | Killed Sigmund
  2219 | D:2      | Reached skill level 5 in Conjurations
  2219 | D:2      | Gained mutation: You have sharp fingernails. [demonic
                  | ancestry]
  2219 | D:2      | Reached XP level 5. HP: 23/35 MP: 3/9
  2340 | D:2      | Gained mutation: You have very sharp fingernails. [demonic
                  | ancestry]
  2340 | D:2      | Reached XP level 6. HP: 41/41 MP: 7/10
  3594 | D:4      | Found a blossoming altar of Fedhas.
  3603 | D:4      | Noticed Eustachio
  3631 | D:4      | Killed Eustachio
  3631 | D:4      | Reached skill level 1 in Fighting
  3789 | D:4      | Gained mutation: You are completely covered in thin
                  | metallic scales. (AC +4, rElec) [demonic ancestry]
  3789 | D:4      | Reached XP level 7. HP: 46/49 MP: 7/12
  3947 | D:4      | Found a staircase to the Ecumenical Temple.
  4189 | D:4      | Reached skill level 2 in Fighting
  4959 | Temple   | Entered the Ecumenical Temple
  5216 | Temple   | Became a worshipper of Sif Muna the Loreminder
  5258 | D:5      | Entered Level 5 of the Dungeon
  5330 | D:5      | Learned a level 5 spell: Fireball
  5354 | D:5      | Reached skill level 1 in Invocations
  6003 | D:5      | Reached skill level 3 in Fighting
  6221 | D:6      | Gained mutation: You are mostly covered in sharp spines.
                  | [demonic ancestry]
  6221 | D:6      | Reached XP level 8. HP: 47/58 MP: 7/14
  6807 | D:6      | Found Gahusuup's Weapon Boutique.
  7165 | D:6      | Reached * piety under Sif Muna
  7542 | D:7      | Found Lunusad's Jewellery Emporium.
  7721 | D:7      | Reached skill level 5 in Invocations
  7910 | D:7      | Reached skill level 4 in Fighting
  7959 | D:7      | Reached skill level 1 in Shields
  8049 | D:7      | Found a burning altar of Makhleb.
  8049 | D:7      | Noticed an Executioner
  8088 | D:7      | Found a snail-covered altar of Cheibriados.
  8248 | D:7      | Reached skill level 5 in Fire Magic
  8572 | D:8      | Reached ** piety under Sif Muna
  8572 | D:8      | Reached XP level 9. HP: 64/65 MP: 7/15
  8938 | D:8      | Reached skill level 5 in Shields
  9091 | D:8      | Noticed Tagedieb's ghost (novice OpAs)
  9092 | D:8      | Got a pitted scale mail
  9107 | D:8      | Identified the +0 scale mail of Servitude {*Corrode *Slow
                  | rPois rN+++} (You found it on level 8 of the Dungeon)
  9151 | D:8      | Noticed a three-headed hydra
  9155 | D:8      | Killed a three-headed hydra
  9155 | D:8      | Reached skill level 5 in Spellcasting
  9468 | D:8      | Found Muwneur's Antique Armour Boutique.
  9473 | D:8      | Bought a pair of gloves for 121 gold pieces
  9531 | D:8      | Found a runed translucent gate.
  9531 | D:8      | Found a runed translucent gate.
  9531 | D:8      | Found a runed translucent gate.
  9541 | D:8      | Found Bam Moeh's General Store.
  9542 | D:8      | You fall into a shaft and drop 1 floor!
  9557 | D:9      | Gained mutation: You have claws for hands. [demonic
                  | ancestry]
  9557 | D:9      | Reached XP level 10. HP: 73/73 MP: 11/18
 10009 | D:9      | Reached skill level 5 in Fighting
 10273 | D:8      | Reached *** piety under Sif Muna
 10518 | D:8      | Found Kucuj's Jewellery Shop.
 10793 | D:8      | Killed Tagedieb's ghost
 10793 | D:8      | Reached skill level 6 in Fighting
 10933 | D:8      | Reached skill level 7 in Fighting
 11318 | D:9      | Noticed a two-headed ogre
 11319 | D:9      | Noticed a centaur warrior
 11410 | D:8      | Killed a two-headed ogre
 11921 | D:9      | Reached **** piety under Sif Muna
 12145 | D:9      | Reached XP level 11. HP: 71/84 MP: 9/20
 12227 | D:9      | Killed a centaur warrior
 12794 | D:10     | Entered Level 10 of the Dungeon
 13016 | D:10     | Found Nunuzor's Gadget Shoppe.
 13095 | D:10     | Found a flagged portal.
 13183 | Bailey   | Entered a bailey
 13655 | Bailey   | Reached skill level 8 in Fighting
 14096 | Bailey   | Noticed an orc knight
 14225 | Bailey   | Killed an orc knight
 14225 | Bailey   | Reached skill level 10 in Conjurations
 14700 | D:10     | Noticed a two-headed ogre
 14709 | D:10     | Killed a two-headed ogre
 14709 | D:10     | Reached skill level 9 in Fighting
 15269 | D:11     | Reached ***** piety under Sif Muna
 15269 | D:11     | Identified Sif Muna's Collected Works on the Snowflakes and
                  | Combat Magic (Sif Muna gifted it to you on level 11 of the
                  | Dungeon)
 15269 | D:11     | Received a gift from Sif Muna
 15421 | D:11     | Noticed a death yak
 15422 | D:11     | Noticed a death yak
 15422 | D:11     | Noticed a death yak
 15437 | D:11     | Killed a death yak
 15437 | D:11     | Reached skill level 10 in Fighting
 15563 | D:11     | Reached skill level 11 in Fighting
 15700 | D:11     | Noticed a death yak
 15722 | D:11     | Killed a death yak
 15725 | D:11     | Killed a death yak
 15725 | D:11     | Reached skill level 12 in Fighting
 15726 | D:11     | Noticed a death yak
 15735 | D:11     | Gained mutation: You are robust. (+10% HP) [demonic
                  | ancestry]
 15735 | D:11     | Reached XP level 12. HP: 78/113 MP: 1/22
 15753 | D:11     | Killed a death yak
 15753 | D:11     | Reached skill level 13 in Fighting
 15755 | D:11     | Found a staircase to the Lair.
 15983 | D:10     | Killed a death yak
 16479 | D:11     | Noticed a four-headed hydra
 16484 | D:11     | Reached skill level 14 in Fighting
 16495 | D:11     | Killed a four-headed hydra
 16849 | D:11     | Reached skill level 15 in Fighting
 17326 | D:12     | Found a staircase to the Orcish Mines.
 17482 | D:12     | Noticed Frances
 17489 | D:12     | Noticed a catoblepas
 17493 | D:12     | Killed Frances
 17954 | D:11     | Found a staircase to the Lair.
 18018 | D:11     | Killed a catoblepas
 18722 | D:12     | Noticed Nergalle
 18722 | D:12     | Noticed a two-headed ogre
 18740 | D:11     | Killed a two-headed ogre
 18879 | D:11     | Killed Nergalle
 18879 | D:11     | Reached skill level 16 in Fighting
 19003 | D:12     | Noticed Nessos
 19399 | D:12     | Found Veutt's Island Escapes.
 19405 | D:12     | Killed Nessos
 19787 | D:12     | Identified Sif Muna's Reference Book on the Volcanoes (Sif
                  | Muna gifted it to you on level 12 of the Dungeon)
 19787 | D:12     | Received a gift from Sif Muna
 19807 | D:12     | Learned a level 6 spell: Bolt of Fire
 19818 | D:12     | Noticed Urug
 20126 | D:12     | Reached XP level 13. HP: 129/129 MP: 17/24
 21002 | D:12     | Killed Urug
 21002 | D:12     | Reached skill level 5 in Dodging
 21349 | D:12     | Gained mutation: Your flesh is cold resistant. (rC+)
                  | [demonic ancestry]
 21349 | D:12     | Reached XP level 14. HP: 138/138 MP: 24/27
 21811 | Lair:1   | Entered Level 1 of the Lair of Beasts
 22007 | Lair:1   | You fall into a shaft and drop 1 floor!
 22338 | Lair:1   | Found a frozen archway.
 22359 | IceCv    | Entered an ice cave
 22906 | IceCv    | Reached skill level 17 in Fighting
 22909 | IceCv    | Reached skill level 10 in Spellcasting
 23055 | IceCv    | Got a bound bronze ring
 23199 | IceCv    | Identified the ring of the Median {rElec MP+9 Int+10 Dex-5
                  | Stlth-} (You found it in an ice cave)
 23374 | Lair:1   | Received a gift from Sif Muna
 25204 | Lair:3   | Found a staircase to the Snake Pit.
 26075 | Lair:3   | Reached skill level 10 in Fire Magic
 26508 | Lair:3   | Found a runed translucent door.
 26510 | Lair:3   | Found a shimmering altar of Xom.
 26510 | Lair:3   | Noticed Alarkh's ghost (journeyman DsCK)
 26514 | Lair:3   | Identified Sif Muna's Almanac of Assistive Attacks (Sif
                  | Muna gifted it to you on level 3 of the Lair of Beasts)
 26514 | Lair:3   | Received a gift from Sif Muna
 26623 | Lair:3   | Found a staircase to the Shoals.
 26860 | Lair:3   | You fall into a shaft and drop 2 floors!
 27657 | Lair:4   | Reached XP level 15. HP: 140/147 MP: 14/29
 29724 | Lair:5   | Found a viscous altar of Jiyva.
 29725 | Lair:5   | Found a staircase to the Slime Pits.
 30221 | Lair:5   | Identified Sif Muna's Grimoire of Confrontation and
                  | Transmutation (Sif Muna gifted it to you on level 5 of the
                  | Lair of Beasts)
 30221 | Lair:5   | Received a gift from Sif Muna
 31028 | Lair:6   | Entered Level 6 of the Lair of Beasts
 32466 | Lair:6   | Learned a level 6 spell: Bolt of Cold
 33147 | Lair:6   | Gained mutation: Your spells are a little easier to cast,
                  | but a little less powerful. [mutagenic glow]
 36663 | D:13     | Received a gift from Sif Muna
 36757 | D:13     | Found a gate to the Vaults.
 36900 | D:13     | Gained mutation: You are very robust. (+20% HP) [demonic
                  | ancestry]
 36900 | D:13     | Reached XP level 16. HP: 144/169 MP: 28/30
 37128 | D:13     | Noticed a sphinx
 37128 | D:13     | Paralysed by a sphinx for 3 turns
 37149 | D:13     | Killed a sphinx
 37190 | D:13     | Noticed a sphinx
 37210 | D:13     | Killed a sphinx
 37460 | D:13     | Identified the ring "Iserarob" {rElec Int+2}
 37765 | D:13     | Reached skill level 1 in Ice Magic
 38313 | D:13     | Found the +3 warlock's mirror {reflect}
 38669 | D:14     | Found a shadowy altar of Dithmenos.
 39310 | D:14     | Noticed Kirke
 39318 | D:14     | Reached skill level 5 in Ice Magic
 39320 | D:14     | Killed Kirke
 39391 | D:14     | Received a gift from Sif Muna
 39789 | D:15     | Entered Level 15 of the Dungeon
 39807 | D:15     | Reached skill level 1 in Evocations
 39894 | D:15     | Shot with an arrow by a centaur warrior

Levels and vault maps discovered:
D:1:      ldierk_walled_garden, layout_basic
D:2:      layout_basic, uniq_sigmund, uniq_robin
D:3:      layout_loops_ring, dk_noncrumbling_3
D:4:      layout_layer_cave, minmay_temple_entry_glass,
          grunt_decor_mini_mirrors, fedhas_altar_1, uniq_eustachio
D:5:      layout_loops_cross, first_ration, kennysheep_potato
D:6:      corexii_shantytown, layout_basic, serial_shops, shop
D:7:      layout_cave_pools, marbit_many_paths, serial_shops, shop,
          serial_bayou, serial_bayou_pond_a, serial_bayou_shore_a,
          serial_bayou_pond_c, serial_bayou_lagoon_b, makhleb_altar_promises_db
D:8:      layout_loops_ring, gammafunk_ghost_icy, serial_shops, shop,
          nicolae_shop_stone, kennysheep_mini_moat, hangedman_ranch
          [blue_anna_fruit_fields]
D:9:      layout_loops_ring, minmay_pinched_square
D:10:     layout_rooms, enter_bailey_8, serial_shops, shop_statue,
          small_statue_intersection, kennysheep_dice
D:11:     layout_basic, dpeg_lair_monsters
D:12:     kennysheep_funnel, layout_long_grid, david_orc_3,
          nicolae_island_escapes, uniq_nessos, uniq_frances, uniq_urug,
          uniq_nergalle
D:13:     lemuel_traditional_vault, layout_basic, david_vaults_2
D:14:     layout_loops_cross, lemuel_doored_altar, uniq_kirke
D:15:     hangedman_slaughterboxes
Temple:   roderic_octagonal_lattice_temple
Lair:1:   layout_chaotic_city, portal_ice_cave_rime
Lair:2:   layout_loops_ring, hibernation_bobbens, minmay_lair_oklob_chamber,
          grunt_megastairs_3
Lair:3:   beast_lair_carwin_large_1, layout_regular_city,
          elwin_shoals_entry_rocks, dummy_snake_entry, ebering_ghost_xom,
          minmay_another_anthill
Lair:4:   layout_small_grid, st_stairs_12, nicolae_lair_yak_garden
Lair:5:   regret_index_wax_grids, layout_regular_city, slime_altar_1,
          beast_lair_carwin_6
Lair:6:   due_jungle_book, layout_gridlike, minmay_lindwurm_lava

Skill      XL: |  1  2  3  4  5  6  7  8  9 10 11 12 13 14 15 16 |
---------------+-------------------------------------------------+-----
Stealth        | 2 |  2.0
Dodging        | 2 3 4 5 6 |  6.0
Fire Magic     | 3 4 5 7 10 13 14 | 14.3
Conjurations   | 2 5 6 7 8 9 10 13 | 13.0
Spellcasting   | 3 4 5 6 7 9 10 | 10.0
Fighting       | 1 3 4 7 12 16 17 | 17.0
Invocations    | 2 6 |  6.0
Shields        | 2 5 |  5.0
Ice Magic      | 5 |  5.0
Evocations     | 1 |  1.6

Action                   |  1- 3 |  4- 6 |  7- 9 | 10-12 | 13-15 | 16-18 || total
-------------------------+-------+-------+-------+-------+-------+-------++-------
Melee: Club              |    12 |       |       |       |       |       ||    12
       Dagger            |    15 |     1 |       |       |       |       ||    16
       Unarmed           |       |    11 |       |       |       |       ||    11
       Whip              |       |       |    28 |     8 |       |       ||    36
       Short sword       |       |       |       |   203 |   489 |   127 ||   819
Throw: Boomerang         |    16 |    64 |    39 |    19 |    23 |       ||   161
 Cast: Flame Tongue      |    68 |    53 |   220 |   365 |   279 |    13 ||   998
       Sticky Flame      |       |     2 |     7 |   102 |   258 |    47 ||   416
       Fireball          |       |       |     2 |    14 |    38 |     5 ||    59
       Conjure Flame     |       |       |     2 |    12 |    26 |       ||    40
       Bolt of Fire      |       |       |       |       |    16 |    14 ||    30
       Bolt of Cold      |       |       |       |       |    16 |    18 ||    34
Evoke: Wand              |       |       |       |     9 |    11 |       ||    20
       Lamp of fire      |       |       |       |       |     2 |       ||     2
  Use: Potion            |       |     1 |       |     2 |     5 |     3 ||    11
       Scroll            |       |     4 |     7 |     7 |    13 |     3 ||    34
 Stab: Confused          |       |     2 |       |       |       |       ||     2
       Paralysed         |       |       |       |     4 |       |       ||     4
       Sleeping          |       |       |       |       |     1 |       ||     1
  Eat: Chunk             |     2 |     8 |    15 |    37 |    44 |    10 ||   116
       Ration            |       |       |     1 |     4 |     8 |     2 ||    15
Armor: Robe              |     4 |     2 |       |    57 |   245 |    75 ||   383
       Animal skin       |       |     2 |    45 |    37 |       |       ||    84
Dodge: Dodged            |    34 |    20 |    86 |   418 |   503 |    72 ||  1133
Block: Buckler           |       |       |       |       |   182 |   110 ||   292
       Reflection        |       |       |       |       |     6 |    17 ||    23

Table legend:
 A = Non-vault XP
 B = Vault XP
 C = Vault XP percentage of total XP
 D = Non-vault monster count
 E = Vault monster count
 F = Vault count percentage of total count
                 A         B        C        D         E       F
            +---------+---------+-------+---------+---------+-------
      Total |   79449 |   75303 |  48.7 |     542 |     285 |  34.5
            +---------+---------+-------+---------+---------+-------
        D:1 |      40 |       0 |   0.0 |      21 |       0 |   0.0
        D:2 |      79 |     277 |  77.8 |      27 |      14 |  34.1
        D:3 |      40 |       0 |   0.0 |      14 |       0 |   0.0
        D:4 |     329 |     208 |  38.7 |      20 |       1 |   4.8
        D:5 |     423 |       2 |   0.5 |      10 |       1 |   9.1
        D:6 |     524 |      92 |  14.9 |      13 |      27 |  67.5
        D:7 |     770 |     190 |  19.8 |      15 |       1 |   6.2
        D:8 |     940 |    3968 |  80.8 |      34 |      15 |  30.6
        D:9 |    2669 |    2188 |  45.0 |      59 |      11 |  15.7
       D:10 |    2082 |    1136 |  35.3 |      24 |       4 |  14.3
       D:11 |    7989 |    5251 |  39.7 |      53 |       6 |  10.2
       D:12 |    4831 |    4697 |  49.3 |      30 |      11 |  26.8
       D:13 |    4022 |   16337 |  80.2 |      19 |      24 |  55.8
       D:14 |    7634 |    3009 |  28.3 |      33 |       6 |  15.4
       D:15 |       0 |    3196 | 100.0 |       0 |      10 | 100.0
     Lair:1 |    5676 |     732 |  11.4 |      28 |       2 |   6.7
     Lair:2 |    4820 |    1994 |  29.3 |      30 |       6 |  16.7
     Lair:3 |    5112 |    4807 |  48.5 |      22 |      31 |  58.5
     Lair:4 |    6250 |    1946 |  23.7 |      21 |       5 |  19.2
     Lair:5 |    7231 |   12188 |  62.8 |      28 |      55 |  66.3
     Lair:6 |   17988 |    5390 |  23.1 |      41 |       9 |  18.0
     Bailey |       0 |    2260 | 100.0 |       0 |      26 | 100.0
      IceCv |       0 |    5435 | 100.0 |       0 |      20 | 100.0
            +---------+---------+-------+---------+---------+-------
